 Dungeon Crawl Stone Soup version 0.32-a0-996-gb3226c233f (webtiles) character file.

Game seed: 7065357555657954904

23160 Hubris850 the Grappler (level 12, 0/114 HPs)
             Began as a Troll Berserker on Apr 23, 2024.
             Was a High Priest of Trog.
             Succumbed to a killer bee's poison
             ... on level 3 of the Lair of Beasts.
             The game lasted 00:33:30 (11147 turns).

Hubris850 the Grappler (Troll Berserker)           Turns: 11147, Time: 00:33:30

Health: 0/114      AC: 13    Str: 28    XL:     12   Next: 69%
Magic:  11/11      EV:  8    Int:  3    God:    Trog [*****.]
Gold:   996        SH:  5    Dex: 13    Spells: 11/11 levels left

rFire   + +          .
                       - Unarmed
rCold   x . .        (no shield)
rNeg    . . .        y - +1 fire dragon scales
rPois   .            (helmet restricted)
rElec   .            h - +0 cloak
rCorr   .            (gloves unavailable)
SInv    +            (boots unavailable)
Will    .....        o - amulet of reflection Stlth
                     u - ring of see invisible
HPRegen 1.19/turn    (no ring)
MPRegen 0.12/turn

%: reflection
@: lethally poisoned (0 -> -6)
A: large, unfitting armour, claws 3, regeneration 1, shaggy fur 1, tough skin 1
a: Renounce Religion, Berserk, Trog's Hand, Brothers in Arms


You were on level 3 of the Lair of Beasts.
You worshipped Trog.
Trog was extremely pleased with you.
You visited 2 branches of the dungeon, and saw 14 of its levels.
You also visited: Bailey.

You collected 996 gold pieces.

Inventory:

Hand Weapons
 f - the +8 mithril axe "Arga" {speed, Will+}
   (You acquired it on level 9 of the Dungeon)

   Will+:     It increases your willpower.
 G - a +2 hand axe of freezing
 P - the +6 bardiche of Ryckez {flame, ^Drain rN+ Dex+7}
   (You found it in a bailey)

   Dex+7:     It affects your dexterity (+7).
   rN+:       It protects you from negative energy.
   ^Drain:    It drains your maximum health when unequipped.
Missiles
 t - 35 poisoned darts
 v - 5 curare-tipped darts
 L - 22 boomerangs
 M - 7 javelins
 Q - 17 large rocks (quivered)
 S - 2 throwing nets
Armour
 h - a +0 cloak (worn)
 y - +1 fire dragon scales (worn)
 H - a +0 kite shield
Jewellery
 o - an amulet of reflection (around neck)
 u - a ring of see invisible (left claw)
 K - a ring of ice
 R - a +6 ring of intelligence
Talismans
 b - a flux talisman
 s - a maw talisman
 T - a blade talisman
Wands
 q - a wand of warping (8)
 r - a wand of flame (17)
 F - a wand of digging (8)
 J - a wand of mindburst (20)
 N - a wand of quicksilver (2)
Scrolls
 c - a scroll of immolation {unknown}
 g - 2 scrolls of teleportation
 i - 4 scrolls of noise
 m - 2 scrolls of fear
 p - a scroll of torment
 B - a scroll of fog
 I - 2 scrolls of amnesia {unknown}
 O - 4 scrolls of enchant weapon
 U - a scroll of brand weapon
Potions
 d - a potion of lignification
 e - 2 potions of mutation
 j - 2 potions of cancellation
 k - 2 potions of enlightenment
 l - 5 potions of curing
 w - a potion of magic
 x - a potion of ambrosia
 z - a potion of resistance
 A - 3 potions of attraction
 C - 3 potions of haste
 V - a potion of heal wounds
 W - a potion of invisibility {unknown}


   Skills:
 - Level 6.2 Fighting
 - Level 6.7 Axes
 - Level 7.0 Throwing
 - Level 4.0 Armour
 - Level 4.1 Dodging
 - Level 5.0 Shields
 - Level 11.5 Unarmed Combat
 + Level 9.3 Shapeshifting


You had 11 spell levels left.
You didn't know any spells.
Your spell library was empty.

Dungeon Overview and Level Annotations

Branches:
Dungeon (11/15)            Temple (0/1) D:4            Lair (3/5) D:9
    Orc (0/2) D:9          Bailey (visited)
  Swamp: Lair:2-3    Shoals: Lair:2-3     Snake: Lair:2-3    Spider: Lair:2-3

Altars:
Fedhas
Wu Jian
Beogh

Annotations:
D:5 3 runed translucent doors, swap's ghost, amateur DjFE
D:11 4 runed translucent doors
Lair:1 exclusion: oklob plant


Innate Abilities, Weirdness & Mutations

You are too large for most types of armour.
You have claws for hands.
Your natural rate of healing is unusually fast.
You are covered in fur. (AC +1)
You have tough skin. (AC +1)


Message History

The eight-headed hydra bites you!
You block the eight-headed hydra's attack.
The eight-headed hydra bites you but does no damage.
The blink frog hits you but does no damage. x2
The killer bee barely misses you.
Unknown command.
The killer bee buzzes angrily.
You claw one of the eight-headed hydra's heads off!
The seven-headed hydra grows two more!
You claw the nine-headed hydra! Your claw misses the nine-headed hydra.
The nine-headed hydra is severely wounded.
You feel sick. The blink frog hits you!
* * * LOW HITPOINT WARNING * * *
The killer bee stings you.
* * * LOW HITPOINT WARNING * * *
You are more poisoned.
The killer bee poisons you!
A dream sheep comes into view.
You block the blink frog's attack. The nine-headed hydra bites you.
* * * LOW HITPOINT WARNING * * *
The nine-headed hydra barely misses you.
The nine-headed hydra bites you but does no damage.
The nine-headed hydra bites you!
* * * LOW HITPOINT WARNING * * *
The nine-headed hydra bites you but does no damage.
The nine-headed hydra barely misses you.
The nine-headed hydra bites you!
* * * LOW HITPOINT WARNING * * *
The nine-headed hydra bites you but does no damage.
The nine-headed hydra bites you!
* * * LOW HITPOINT WARNING * * *
The blink frog closely misses you. x2
Unknown command.
Unknown command.
As you read the scroll of fear, it crumbles to dust.
You assume a fearsome visage.
The killer bee looks frightened! x2
The dream sheep looks frightened!
The dream sheep stampedes away.
The blink frog looks frightened! x5; The nine-headed hydra easily resists.
You die...

##.~~##~~~...#≈≈≈§§§≈§.#
##.~~~~(~~...≈##.§§≈#..#
#.......(....§.<§§§§...#
##...............§.[...#
#...!..................#
##.........(..........##
##...............#....#
#..<.........DF.......§#
#P...........§@F.........
#............FyF....#.§...
##....†..........#.##P...#
#.........F........#...P.
#.................... ..
#..................y..
#.....Y...............
#.................#.#
###......###


You could see a nine-headed hydra, 5 blink frogs, a dream sheep (fleeing) and 2
killer bees.

Vanquished Creatures
  Josephine (D:10)
  Fannar (Lair:1)
  2 two-headed ogres (D:9)
  2 boulder beetles
  An orc knight (Bailey)
  A manticore (D:11)
  4 elephants (Lair:2)
  A gargoyle (D:11)
  A molten gargoyle (Lair:3)
  5 cane toads
  9 komodo dragons
  2 unseen horrors
  A hornet (D:11)
  Sigmund (D:3)
  19 yaks
  A wyvern (Lair:1)
  2 basilisks (Lair:2)
  A fire elemental (Lair:3)
  3 wraiths (D:10)
  5 steam dragons
  A vampire (D:10)
  Edmund (D:6)
  7 water moccasins
  The ghost of PriceMaster the Sneak, an amateur SpEE (D:4)
  17 orc warriors
  2 black bears
  2 centaurs (D:8)
  4 ogres
  5 wolves (Lair:2)
  3 phantoms
  3 kobold brigands
  9 bullfrogs
  2 gnoll sergeants
  4 scorpions
  The ghost of Hubris850 the Trooper, a weakling MiFi (D:6)
  14 killer bees
  An electric eel (D:10)
  A howler monkey (D:7)
  3 hounds
  A jelly (D:6)
  8 orc priests
  2 bombardier beetles
  2 gnoll boudas
  2 iguanas
  A sleepcap (D:6)
  20 orc wizards
  7 adders
  16 gnolls
  A shadow imp (D:6)
  2 white imps (D:5)
  6 ufetubi
  3 dart slugs
  2 ribbon worms (D:4)
  66 orcs
  5 bats
  5 endoplasms
  3 giant cockroaches
  15 goblins
  11 hobgoblins
  15 kobolds
  4 quokkas
  7 ball pythons
  4 frilled lizards
  8 rats
360 creatures vanquished.

Vanquished Creatures (collateral kills)
  Sonja (D:10)
1 creature vanquished.

Vanquished Creatures (others)
  A hobgoblin (D:8)
1 creature vanquished.

Grand Total: 362 creatures vanquished

Notes
Turn   | Place    | Note
-------+----------+-------------------------------------------
     0 | D:1      | Hubris850 the Troll Berserker began the quest for the Orb.
     0 | D:1      | Reached XP level 1. HP: 22/22 MP: 0/0
   320 | D:1      | Reached XP level 2. HP: 29/29 MP: 1/1
   730 | D:2      | Reached XP level 3. HP: 36/36 MP: 2/2
   868 | D:2      | Reached ** piety under Trog
   869 | D:2      | Reached skill level 1 in Shapeshifting
  1468 | D:3      | Reached XP level 4. HP: 44/44 MP: 3/3
  1676 | D:3      | Noticed Sigmund
  1696 | D:3      | Killed Sigmund
  1697 | D:3      | Reached skill level 4 in Unarmed Combat
  1697 | D:3      | Reached XP level 5. HP: 53/53 MP: 4/4
  1872 | D:4      | Noticed a phantom
  1883 | D:4      | Killed a phantom
  1884 | D:4      | Reached XP level 6. HP: 52/61 MP: 5/5
  1893 | D:4      | Noticed a water moccasin
  1901 | D:4      | Killed a water moccasin
  1916 | D:4      | Found a runed translucent gate.
  1916 | D:4      | Found a runed translucent gate.
  1916 | D:4      | Found a runed translucent gate.
  1918 | D:4      | Noticed PriceMaster's ghost (amateur SpEE)
  1933 | D:4      | Killed PriceMaster's ghost
  1934 | D:4      | Reached XP level 7. HP: 33/68 MP: 6/6
  2023 | D:4      | Reached *** piety under Trog
  2213 | D:4      | Reached skill level 5 in Unarmed Combat
  2262 | D:4      | Found a staircase to the Ecumenical Temple.
  2595 | D:5      | Entered Level 5 of the Dungeon
  2607 | D:5      | Found a runed translucent gate.
  2607 | D:5      | Noticed swap's ghost (amateur DjFE)
  2608 | D:5      | Found a runed translucent gate.
  2609 | D:5      | Found a runed translucent gate.
  2815 | D:5      | Reached skill level 6 in Unarmed Combat
  3092 | D:5      | Reached XP level 8. HP: 75/78 MP: 7/7
  3420 | D:6      | Reached skill level 5 in Shapeshifting
  3644 | D:6      | Noticed Edmund
  3656 | D:6      | Killed Edmund
  3657 | D:6      | Reached skill level 7 in Unarmed Combat
  3770 | D:6      | Found a runed translucent door.
  3770 | D:6      | Noticed Hubris850's ghost (weakling MiFi)
  3783 | D:6      | Killed Hubris850's ghost
  4037 | D:6      | Reached **** piety under Trog
  4333 | D:7      | Reached skill level 8 in Unarmed Combat
  4333 | D:7      | Reached XP level 9. HP: 84/84 MP: 8/8
  4662 | D:7      | Found an ornate altar of the Wu Jian Council.
  4662 | D:7      | Found a blossoming altar of Fedhas.
  4913 | D:8      | Reached skill level 9 in Unarmed Combat
  5049 | D:8      | Found a flagged portal.
  5098 | Bailey   | Entered a bailey
  5234 | Bailey   | Reached skill level 10 in Unarmed Combat
  5234 | Bailey   | Reached XP level 10. HP: 55/92 MP: 9/9
  5340 | Bailey   | Noticed an orc knight
  5350 | Bailey   | Killed an orc knight
  5351 | Bailey   | Reached skill level 1 in Armour
  5351 | Bailey   | Reached skill level 1 in Shields
  5356 | Bailey   | Identified the +6 bardiche of Ryckez {flame, ^Drain rN+
                  | Dex+7}
  6384 | D:9      | Reached ***** piety under Trog
  6455 | D:9      | Found a staircase to the Orcish Mines.
  6620 | D:9      | Found a staircase to the Lair.
  6650 | D:9      | HP: 4/141 [komodo dragon (19)]
  6658 | D:9      | Reached skill level 5 in Fighting
  6710 | D:9      | Noticed a two-headed ogre
  6716 | D:9      | Killed a two-headed ogre
  6790 | D:9      | Identified a scroll of acquirement
  6790 | D:9      | Acquired the +8 mithril axe "Arga" {speed, Will+}
  6790 | D:9      | Found the +8 mithril axe "Arga" {speed, Will+}
  6877 | D:9      | Noticed a two-headed ogre
  6905 | D:9      | Killed a two-headed ogre
  7003 | D:9      | Reached XP level 11. HP: 98/104 MP: 10/10
  7010 | D:9      | Reached skill level 11 in Unarmed Combat
  7358 | D:10     | Entered Level 10 of the Dungeon
  7574 | D:10     | Received a gift from Trog
  7621 | D:10     | Found a roughly hewn altar of Beogh.
  7733 | D:10     | Noticed Sonja
  7747 | D:10     | Killed Sonja
  7891 | D:10     | Noticed Josephine
  7909 | D:10     | Killed Josephine
  7923 | D:10     | Reached skill level 5 in Shields
  8196 | D:11     | Found a runed translucent door.
  8200 | D:11     | Noticed a shock serpent
  8201 | D:11     | Noticed a spark wasp
  8201 | D:11     | Noticed a spark wasp
  8202 | D:11     | Noticed a sixfirhy
  8203 | D:11     | Noticed a shock serpent
  8204 | D:11     | Found a runed translucent door.
  8204 | D:11     | Noticed a deep elf zephyrmancer
  8204 | D:11     | Found the +5 Storm Queen's Shield {shock, Fly rElec}
  8205 | D:11     | Noticed a storm dragon
  8273 | D:11     | Reached skill level 1 in Axes
  8360 | D:11     | Reached skill level 1 in Throwing
  8459 | D:11     | Noticed a boulder beetle
  8474 | D:11     | Killed a boulder beetle
  8545 | D:11     | Found a runed translucent door.
  8833 | D:11     | Found a runed translucent door.
  9068 | Lair:1   | Entered Level 1 of the Lair of Beasts
  9079 | Lair:1   | Reached XP level 12. HP: 106/114 MP: 11/11
  9299 | Lair:1   | Reached skill level 5 in Throwing
  9385 | Lair:1   | Noticed Fannar
  9403 | Lair:1   | HP: 7/171 [Fannar/staff of cold (2)]
  9411 | Lair:1   | Killed Fannar
  9412 | Lair:1   | Reached skill level 5 in Axes
  9704 | Lair:1   | Noticed a boulder beetle
  9727 | Lair:1   | Killed a boulder beetle
 11136 | Lair:3   | Noticed a six-headed hydra
 11146 | Lair:3   | HP: 3/114 [nine-headed hydra (10)]
 11147 | Lair:3   | Succumbed to a killer bee's poison

Illustrated notes

Levels and vault maps discovered:
D:1:      amcnicky_arrival_double_pillar, layout_loops_ring, chequers_jeans,
          minmay_tree_intersection
D:2:      layout_loops_cross
D:3:      layout_basic, uniq_sigmund
D:4:      layout_loops_ring, minmay_temple_entry_glassed_door,
          ebering_ghost_rock_garden
D:5:      layout_basic, gammafunk_ghost_nasty_kobolds
D:6:      layout_cave_pods, ebering_ghost_reflecting_pool, uniq_edmund
D:7:      layout_basic, mainiacjoe_overflow_divided_tiny
D:8:      layout_basic, enter_bailey_4, dreamdust_wishing_well,
          minmay_misc_feat_four_crosses, grunt_decor_cap, minmay_door_square
D:9:      layout_loops_ring, due_lair_maze_entry_diamond, orc_0_dummy,
          kennysheep_small_circle
D:10:     layout_roguey [special_room_orc], nrook_mini_vaults,
          kennysheep_cross_bottleneck, uniq_sonja, uniq_josephine
D:11:     layout_long_grid, nicolae_guarded_unrand_storm_shield
Lair:1:   layout_regular_city, beast_lair_carwin_11, lemuel_fruit_fields,
          uniq_fannar
Lair:2:   layout_loops_ring
Lair:3:   regret_index_wax_grids, layout_gridlike,
          mainiacjoe_swamp_entry_lozenge_pond,
          hellmonk_spider_entry_not_the_bees, uniq_gastronok

Skill      XL: |  1  2  3  4  5  6  7  8  9 10 11 12 |
---------------+-------------------------------------+-----
Shapeshifting  | 1 2 3 4 6 8 9 |  9.3
Fighting       | 3 4 5 6 |  6.2
Dodging        | 3 4 |  4.1
Unarmed Combat | 4 6 8 10 11 | 11.5
Armour         | 3 4 |  4.0
Shields        | 3 5 |  5.0
Axes           | 4 6 |  6.7
Throwing       | 4 7 |  7.0

Action                     |  1- 3 |  4- 6 |  7- 9 | 10-12 || total
---------------------------+-------+-------+-------+-------++-------
  Melee: Unarmed           |    92 |    67 |   335 |   330 ||   824
         Punch             |     1 |     2 |    12 |    21 ||    36
         Broad axe         |       |       |       |   261 ||   261
  Throw: Dart              |       |       |    13 |     9 ||    22
         Large rock        |       |       |       |    19 ||    19
 Invoke: Berserk           |       |     2 |     3 |     5 ||    10
         Brothers in Arms  |       |       |       |     1 ||     1
  Evoke: Wand              |       |       |       |     5 ||     5
    Use: Scroll            |       |       |       |    19 ||    19
         Potion            |       |       |       |     8 ||     8
   Stab: Sleeping          |     1 |       |       |       ||     1
 Armour: Animal skin       |    44 |    56 |     6 |       ||   106
         Fire dragon scale |       |       |   257 |   483 ||   740
  Dodge: Dodged            |    25 |    22 |   131 |   204 ||   382
  Block: Other             |       |     2 |    87 |   105 ||   194
         Reflection        |       |       |     5 |     4 ||     9

Table legend: (Time is in decaauts)
 A = Elapsed time spent in this place.
 B = Non-inter-level travel time spent in this place.
 C = Inter-level travel time spent in this place.
 D = Time resting spent in this place.
 E = Time spent auto-exploring this place.
 F = Levels seen in this place.
 G = Mean time per level.
                   A        B        C        D        E       F      G
               +--------+--------+--------+--------+--------+-----+--------+
         Total |  11111 |  10531 |    580 |    832 |   7144 |  15 |  740.7 |
       Dungeon |   8673 |   8121 |    552 |    559 |   5629 |  11 |  788.5 |
          Lair |   2070 |   2042 |     28 |    246 |   1453 |   3 |  690.0 |
        Bailey |    368 |    368 |      0 |     27 |     62 |   1 |  368.0 |
               +--------+--------+--------+--------+--------+-----+--------+

Top non-repeatable levels by time:
  Lair:1: 1195 daAuts
     D:9: 1033 daAuts
     D:6: 946 daAuts
     D:8: 895 daAuts
     D:5: 879 daAuts
    D:11: 866 daAuts
    D:10: 803 daAuts
  Lair:2: 747 daAuts
     D:4: 745 daAuts
     D:1: 684 daAuts
     D:2: 661 daAuts
     D:7: 623 daAuts
     D:3: 532 daAuts
  Bailey: 368 daAuts
  Lair:3: 127 daAuts
